 Dungeon Crawl Stone Soup version 0.23.1 (webtiles) character file.

Game seed: 0

19395 Borgoz the Nimble (level 12, -7/104 HPs)
             Began as a Ghoul Monk on Mar 18, 2019.
             Was a Priest of Ashenzari.
             Mangled by a centaur warrior (9 damage)
             ... in a volcano.
             The game lasted 00:49:50 (18152 turns).

Borgoz the Nimble (Ghoul Monk)                     Turns: 18152, Time: 00:49:50

Health: -7/104     AC: 10    Str: 21    XL:     12   Next: 68%
Magic:  15/15      EV: 21    Int:  6    God:    Ashenzari [***...]
Gold:   430        SH:  0    Dex: 14    Spells: 16/17 levels left

rFire    . . .     SeeInvis +   a - +2 dagger (venom)
rCold    + . .     Gourm    .   (no shield)
rNeg     + + +     Faith    .   k - +0 ring mail
rPois    ∞         Spirit   .   z - +1 helmet
rElec    .         Reflect  .   l - +0 cloak (curse)
rCorr    .         Harm     .   (no gloves)
MR       .....                  (no boots)
Stlth    +++.......             (no amulet)
HPRegen  0.00/turn              h - ring of wizardry (curse)
MPRegen  0.14/turn              o - +4 ring of evasion

@: mighty, rotting
A: rotting body, claws 1, carnivore, cold resistance 1, negative energy
resistance 3, inhibited regeneration, torment resistance, unbreathing
a: Curse Item, Scrying, Renounce Religion


You were in a volcano.
You worshipped Ashenzari.
Ashenzari was most pleased with you.
You were not hungry.

You visited 4 branches of the dungeon, and saw 16 of its levels.
You also visited: Volcano.

You collected 742 gold pieces.
You spent 312 gold pieces at shops.

Inventory:

Hand Weapons
 a - a +2 dagger of venom (weapon)
 b - a +1 rapier of electrocution
 A - a +0 dagger of freezing
 E - a +2 dagger of speed
Missiles
 d - 3 throwing nets
 e - 17 tomahawks (quivered)
Armour
 k - a +0 ring mail (worn)
 l - a cursed +0 cloak (worn)
 r - a +0 leather armour of cold resistance
 z - a +1 helmet (worn)
Jewellery
 g - an uncursed ring of wizardry
 h - a cursed ring of wizardry (left claw)
 m - an uncursed ring of magical power
 o - a +4 ring of evasion (right claw)
Wands
 j - a wand of flame (24)
 q - a wand of digging (5)
 t - a wand of random effects (34)
 u - a wand of disintegration (7)
 w - a wand of acid (8)
Scrolls
 f - a scroll of amnesia
 i - 2 scrolls of enchant armour
 n - 6 scrolls of remove curse
 p - a scroll of magic mapping
 x - 2 scrolls of fear
 y - 4 scrolls of teleportation
 B - 2 scrolls of blinking
Potions
 v - a potion of curing
 D - a potion of heal wounds
Comestibles
 c - 25 rations


   Skills:
 + Level 9.0 Fighting
 + Level 9.2 Short Blades
 + Level 7.8 Armour
 * Level 9.7 Dodging
 + Level 9.1 Stealth
 - Level 3.1 Spellcasting
 - Level 3.7 Hexes
 - Level 3.3 Evocations


You had 16 spell levels left.
You knew the following spells:

 Your Spells              Type           Power        Failure   Level  Hunger
a - Confusing Touch       Hex            #.....       4%          1    ##.....

Your spell library contained the following spells:

 Spells                   Type           Power        Failure   Level  Hunger
 Animate Skeleton         Necr           N/A          22%         1    ##.....
 Apportation              Tloc           #.....       22%         1    ##.....
 Shock                    Conj/Air       #...         22%         1    ##.....
 Summon Small Mammal      Summ           #...         22%         1    ##.....
 Dazzling Spray           Conj/Hex       #.....       30%         3    ####...
 Static Discharge         Conj/Air       #.......     52%         3    ####...
 Throw Icicle             Conj/Ice       #.......     89%         4    #####..
 Iskenderun's Battlesphe  Conj/Chrm      #.......     99%         5    ######.
 Lightning Bolt           Conj/Air       #.........   99%         5    ######.
 Bolt of Cold             Conj/Ice       #.........   100%        6    #######
 Ignition                 Fire           #.........   100%        8    #######
 Shatter                  Erth           #.........   100%        9    #######
 Tornado                  Air            #.........   100%        9    #######


Dungeon Overview and Level Annotations

Branches:
Dungeon (12/15)            Temple (1/1) D:7            Lair (2/6) D:10
    Orc (1/2) D:11
  Swamp: Lair:2-4    Shoals: Lair:2-4     Snake: Lair:2-4    Spider: Lair:2-4

Altars:
Ashenzari
Cheibriados
Dithmenos
Elyvilon
Fedhas
Gozag
Hepliaklqana
Kikubaaqudgha
Makhleb
Nemelex Xobeh
Okawaru
Qazlal
Ru
Sif Muna
Trog
Uskayaw
Vehumet
Wu Jian
Xom
Yredelemnul
Zin
The Shining One

Shops:
D:5 (%![   D:8 *   D:9 (

Annotations:
Volcano exclusion: obsidian statue


Innate Abilities, Weirdness & Mutations

Your body is rotting away.
You thrive on raw meat.
You are immune to poison.
You have sharp fingernails.
You are carnivorous and can eat meat at any time.
Your flesh is cold resistant. (rC+)
You are immune to negative energy. (rN+++)
You do not regenerate when monsters are visible.
You are immune to unholy pain and torment.
You can survive without breathing.


Message History

The hellwing misses you. The hellwing hits you!
* * * LOW HITPOINT WARNING * * *
You feel much better.
The centaur warrior hits you but does no damage.
The centaur completely misses you.
The red draconian completely misses you.
The obsidian statue's eyes glow briefly.
The smoke demon hits you but does no damage.
The smoke demon barely misses you. The smoke demon closely misses you.
The yaktaur hits you.
* * * LOW HITPOINT WARNING * * *
The centaur warrior hits you!
* * * LOW HITPOINT WARNING * * *
The hellwing closely misses you. The hellwing completely misses you.
The centaur hits you.
* * * LOW HITPOINT WARNING * * *
You puncture the obsidian statue!
The obsidian statue is almost destroyed.
The centaur warrior hits you!
You die...

########### ###
#≈#≈#≈#☼#°# .∩##
#≈#≈#≈#☼#°# )[)#
###☼#○#○#○#°# !_!#
#8#☼☼○.○○○○°##[$[#
#..#☼#☼#☼#☼#.#d..#
#.##≈#≈#≈#☼#3#c5.#
#.##≈#≈#≈#☼#4@c4(#
#..##########8c5##
##........# #####
########'# ####
#.# *...##
##.#####....##
#8.8##.......#
##...##§.§....#
##......§§≈≈≈...,*


You could see a red draconian, an obsidian statue, a centaur warrior, 2
hellwings, a yaktaur, a smoke demon, a centaur, an iron imp and a shadow imp.

Vanquished Creatures
  The ghost of Yunesin the Cleaver, a journeyman HOFi of Beogh (D:10)
  Harold (D:10)
  Erica (D:8)
  A two-headed ogre (D:11)
  Pikel (D:4)
  An ugly thing (D:11)
  A cyclops (D:11)
  2 black mambas
  Maurice (D:11)
  The ghost of havocjr3 the Ducker, a novice GnGl of Qazlal (D:4)
  2 spiny frogs
  A rime drake (Lair:2)
  A komodo dragon (D:12)
  A hippogriff (D:7)
  5 fire bats (Volcano)
  4 wraiths (D:10)
  A vampire (D:11)
  A human (D:7)
  2 wyverns
  4 yaks (D:10)
  3 hungry ghosts (D:11)
  4 hogs (D:7)
  Grum (D:11)
  A vampire mosquito (D:11)
  2 wargs (D:10)
  4 water moccasins
  Duvessa (D:4)
  4 porcupines
  10 orc warriors
  A necrophage (D:9)
  4 sky beasts
  2 slaves (D:4)
  2 ice beasts
  5 phantoms
  5 ogres
  5 centaurs
  6 wolves
  4 crocodiles
  A big kobold (D:10)
  11 bullfrogs
  A gnoll sergeant (D:7)
  A wyvern skeleton (D:8)
  Dowan (D:4)
  2 scorpions
  16 killer bees
  A troll zombie (D:11)
  7 wights
  7 howler monkeys
  3 lava snakes (Volcano)
  3 bullfrog zombies
  4 crimson imps
  2 quasits
  7 hounds
  13 orc priests
  4 jellies
  2 bullfrog skeletons
  16 orc wizards
  3 iguanas
  6 worker ants
  A killer bee zombie (D:8)
  5 ogre zombies (D:11)
  A hound zombie (D:8)
  2 hound skeletons
  2 worker ant zombies
  3 howler monkey zombies
  6 adders
  8 gnolls
  5 shadow imps
  An ooze (D:1)
  3 worms (D:2)
  3 dart slugs (D:1)
  5 leopard geckos
  55 orcs
  3 ball pythons
  A giant cockroach (D:1)
  6 goblins
  6 hobgoblins
  9 jackals
  6 quokkas
  3 bats
  5 frilled lizards
  2 goblin skeletons (D:11)
  A goblin zombie (D:11)
  A hobgoblin skeleton (D:11)
  A hobgoblin zombie (D:11)
  5 kobolds
  2 leopard gecko skeletons
  2 orc skeletons (D:11)
  12 orc zombies (D:11)
  A quokka zombie (D:5)
  6 rats
380 creatures vanquished.

Notes
Turn   | Place    | Note
-------+----------+-------------------------------------------
     0 | D:1      | Borgoz the Ghoul Monk began the quest for the Orb.
     0 | D:1      | Reached XP level 1. HP: 19/19 MP: 0/0
   329 | D:1      | Reached XP level 2. HP: 17/26 MP: 1/1
   820 | D:1      | Reached XP level 3. HP: 15/31 MP: 2/2
   826 | D:1      | Reached skill level 1 in Armour
  1447 | D:2      | Found a radiant altar of Vehumet.
  1603 | D:2      | Reached XP level 4. HP: 30/39 MP: 3/3
  2431 | D:2      | Reached XP level 5. HP: 20/46 MP: 4/4
  3389 | D:4      | Reached XP level 6. HP: 52/52 MP: 5/5
  3528 | D:4      | Noticed Duvessa
  3529 | D:4      | Noticed Dowan
  3687 | D:4      | Found a glowing silver altar of Zin.
  3687 | D:4      | Found a white marble altar of Elyvilon.
  3687 | D:4      | Found an ancient bone altar of Kikubaaqudgha.
  3904 | D:3      | Noticed an ice beast
  3977 | D:3      | Killed an ice beast
  4087 | D:3      | Found a faded altar of an unknown god.
  4260 | D:4      | Reached XP level 7. HP: 50/59 MP: 6/6
  4359 | D:4      | Found a runed translucent gate.
  4359 | D:4      | Found a runed translucent gate.
  4364 | D:4      | Found a runed translucent gate.
  4364 | D:4      | Noticed havocjr3's ghost (novice GnGl)
  4401 | D:4      | Noticed Pikel
  4407 | D:5      | Entered Level 5 of the Dungeon
  4790 | D:5      | Found Zuroleso's Distillery.
  4805 | D:5      | Found Geathet's Food Emporium.
  4811 | D:5      | Bought a potion of might for 52 gold pieces
  4811 | D:5      | Bought a potion of heal wounds for 65 gold pieces
  5214 | D:5      | Found Pefydoam's Antique Weapon Shop.
  5367 | D:5      | Found Siyhad's Armour Shoppe.
  5438 | D:5      | Reached XP level 8. HP: 12/67 MP: 7/7
  5722 | D:6      | Reached skill level 5 in Short Blades
  5722 | D:6      | Reached skill level 5 in Dodging
  5781 | D:5      | Found a basalt altar of Yredelemnul.
  5787 | D:5      | Reached skill level 5 in Fighting
  6378 | D:6      | Reached skill level 5 in Stealth
  6477 | D:6      | Reached XP level 9. HP: 72/74 MP: 8/8
  6566 | D:6      | Reached skill level 5 in Armour
  7367 | D:7      | Reached skill level 1 in Evocations
  7725 | D:7      | Found a staircase to the Ecumenical Temple.
  7751 | Temple   | Entered the Ecumenical Temple
  7872 | Temple   | Became a worshipper of Ashenzari the Shackled
  7872 | Temple   | Reached * piety under Ashenzari
  7872 | Temple   | Reached ** piety under Ashenzari
  8248 | D:7      | Reached XP level 10. HP: 44/84 MP: 9/9
  8817 | D:8      | Noticed Erica
  8827 | D:8      | Killed Erica
  8892 | D:8      | Found Nasun's General Store.
  9645 | D:4      | Killed Pikel
  9766 | D:4      | Killed Duvessa
  9778 | D:4      | Killed Dowan
  9847 | D:4      | Found a blossoming altar of Fedhas.
 10002 | D:4      | Killed havocjr3's ghost
 10091 | D:5      | Bought a potion of heal wounds for 65 gold pieces
 10091 | D:5      | Bought a potion of haste for 130 gold pieces
 10192 | D:9      | Reached XP level 11. HP: 83/90 MP: 11/11
 10306 | D:9      | Found an iron altar of Okawaru.
 10635 | D:9      | Found Imniblan's Antique Weapon Shop.
 10675 | D:9      | Learned a level 1 spell: Confusing Touch
 10838 | D:9      | Found a burning altar of Makhleb.
 10953 | D:10     | Entered Level 10 of the Dungeon
 11046 | D:10     | Reached skill level 1 in Spellcasting
 11046 | D:10     | Reached skill level 1 in Hexes
 11434 | D:10     | Noticed Harold
 11493 | D:10     | Found a staircase to the Lair.
 12660 | D:10     | Killed Harold
 12686 | D:10     | Found a runed translucent gate.
 12686 | D:10     | Found a runed translucent gate.
 12688 | D:10     | Found a runed translucent gate.
 12688 | D:10     | Noticed Yunesin's ghost (journeyman HOFi)
 12907 | D:11     | Found a basalt altar of Yredelemnul.
 13046 | D:11     | Noticed Grum
 13062 | D:11     | Killed Grum
 13300 | D:11     | Found a staircase to the Orcish Mines.
 13667 | D:11     | Reached *** piety under Ashenzari
 13841 | D:11     | Noticed a cyan ugly thing
 14221 | D:11     | Noticed a two-headed ogre
 14233 | D:11     | Killed a two-headed ogre
 14234 | D:11     | Noticed a cyclops
 14247 | D:11     | Killed a cyclops
 14379 | D:10     | Reached XP level 12. HP: 83/100 MP: 15/15
 15072 | Lair:1   | Entered Level 1 of the Lair of Beasts
 16169 | Lair:2   | Noticed an eight-headed hydra
 16189 | Lair:2   | HP: 1/103 [eight-headed hydra (5)]
 16555 | D:10     | Killed Yunesin's ghost
 16892 | D:10     | Identified Cidurch's Grimoire of Confrontation and
                  | Weightlessness
 16941 | D:11     | Noticed Maurice
 16944 | D:11     | Killed Maurice
 17159 | D:12     | Noticed a six-headed hydra
 17159 | D:12     | Noticed a two-headed ogre
 17160 | D:12     | Noticed a two-headed ogre
 17316 | Orc:1    | Entered Level 1 of the Orcish Mines
 17543 | Orc:1    | Found a dark tunnel.
 17552 | Volcano  | Entered a volcano
 18135 | Volcano  | Found a burning altar of Makhleb.
 18135 | Volcano  | Noticed a red draconian
 18135 | Volcano  | Noticed a centaur warrior
 18150 | Volcano  | HP: 4/102 [hellwing[an obsidian statue] (7)]
 18152 | Volcano  | Mangled by a centaur warrior

Skill      XL: |  1  2  3  4  5  6  7  8  9 10 11 12 |
---------------+-------------------------------------+-----
Short Blades   | 3 4 5 7 8 9 |  9.2
Dodging        | 3 4 5 7 8 9 |  9.7
Armour         | 1 2 3 4 5 6 7 |  7.8
Stealth        | 3 4 5 6 7 8 9 |  9.1
Fighting       | 4 5 6 7 8 9 |  9.0
Evocations     | 1 2 3 |  3.3
Spellcasting   | 2 3 |  3.1
Hexes          | 3 |  3.7

Action                   |  1- 3 |  4- 6 |  7- 9 | 10-12 || total
-------------------------+-------+-------+-------+-------++-------
Melee: Short sword       |    81 |       |       |       ||    81
       Dagger            |    40 |   401 |   607 |   332 ||  1380
       Rapier            |       |       |   201 |   869 ||  1070
Throw: Tomahawk          |       |       |       |     1 ||     1
 Cast: Confusing Touch   |       |       |       |    29 ||    29
Invok: Curse Item        |       |       |       |     3 ||     3
Evoke: Wand              |       |       |    11 |    12 ||    23
  Use: Potion            |       |     4 |     4 |    10 ||    18
       Scroll            |       |     7 |     9 |    10 ||    26
 Stab: Sleeping          |     3 |     5 |     3 |    28 ||    39
       Confused          |       |       |       |    15 ||    15
       Distracted        |       |       |       |     1 ||     1
  Eat: Chunk             |     8 |    20 |    33 |    92 ||   153
       Ration            |       |       |       |     1 ||     1
Armor: Robe              |    21 |    89 |       |       ||   110
       Scale mail        |       |    43 |   158 |       ||   201
       Ring mail         |       |       |    30 |   185 ||   215
       Leather armour    |       |       |     6 |       ||     6
Dodge: Dodged            |    72 |   209 |   539 |   853 ||  1673
